AoeStats
← paikujanlp

Arabia

509806058Analyzed
1v1 RM · 5d ago on Sep 28, 2026· 35m 21s· 2 players
Game mode
Random Map
Map size
Tiny (2 player)
Population
200
Speed
Normal
Resources
Standard
Victory
Conquest
Starting age
Dark Age
Ending age
Imperial Age
RankedLock teamsTeams togetherTeam positionsShared explorationLock speedFull tech treeHidden civsTurbo modeCheats
Victory
Defeat
🇭🇰 Franks · Hong Kong SAR China
1079
+14
🇦🇷 Portuguese · Argentina
1040
-14
Ragequitter5000
6:43 Loom
6:49 Loom
11:32 Feudal Age
11:59 Double-Bit Axe
17:05 Wheelbarrow
21:53 Castle Age
20:43 Fletching
21:40 Scale Mail Armor
22:29 Bodkin Arrow
22:08 Crossbowman
25:35 Pikeman
30:07 Bow Saw
30:19 Town Watch
31:29 Scale Barding Armor
36:03 Hand Cart
paikujanlp
11:00 Loom
12:47 Feudal Age
18:06 Castle Age
23:09 Scale Barding Armor
25:38 Wheelbarrow
Connection lost

Rejoining the realm…

Still unreachable

The connection could not be restored.

Session expired

The server has moved on; the page needs a fresh start.